 Dungeon Crawl Stone Soup version 0.28.0 (webtiles) character file.

Game seed: 15145696579679585492

1709 PoweredByGinger the Cleaver (level 8, -6/56 HPs)
             Began as a Demonspawn Gladiator on Feb 7, 2022.
             Was an Initiate of Yredelemnul.
             Mangled by a wyvern (10 damage)
             ... on level 9 of the Dungeon.
             The game lasted 00:13:58 (7572 turns).

PoweredByGinger the Cleaver (Demonspawn Gladiator)  Turns: 7572, Time: 00:13:58

Health: -6/56      AC: 14    Str: 18    XL:     8   Next: 74%
Magic:  0/8        EV: 11    Int:  9    God:    Yredelemnul [......]
Gold:   269        SH:  0    Dex: 14    Spells: 7/7 levels left

rFire   + . .      SeeInvis .   d - +2 broad axe (drain)
rCold   . . .      Faith    .   (no shield)
rNeg    . . .      Spirit   +   k - +0 ring mail
rPois   .          Reflect  .   c - +0 helmet
rElec   .          Harm     .   j - +0 cloak
rCorr   .          Rampage  .   s - +1 pair of gloves
Will    .....                   (no boots)
Stlth   +.........              (no amulet)
HPRegen 0.18/turn               (no ring)
MPRegen 0.22/turn               (no ring)

@: marked
A: molten scales 3, magic shield, magic regeneration, shaggy fur 1
a: Renounce Religion, Recall Undead Harvest


You were on level 9 of the Dungeon.
You worshipped Yredelemnul.
Yredelemnul was noncommittal.
You visited 2 branches of the dungeon, and saw 10 of its levels.

You collected 293 gold pieces.
You spent 24 gold pieces at shops.

Inventory:

Hand Weapons
 d - a +2 broad axe of draining (weapon)
Missiles
 f - 24 bolts
 r - 32 arrows
Armour
 c - a +0 helmet (worn)
 e - +0 acid dragon scales
 j - a +0 cloak (worn)
 k - a +0 ring mail (worn)
 s - a +1 pair of gloves (worn)
Magical Staves
 v - a staff of poison
Jewellery
 o - a ring of ice
Wands
 h - a wand of polymorph (7)
Scrolls
 a - a scroll of enchant armour {unknown}
 g - a scroll of blinking
 i - 3 scrolls of immolation {unknown}
 l - a scroll of torment {unknown}
 n - 2 scrolls of magic mapping
 q - a scroll of fear {unknown}
 u - a scroll of noise {unknown}
 w - a scroll of holy word {unknown}
 x - a scroll of enchant weapon {unknown}
Potions
 m - a potion of magic
 p - 2 potions of mutation


   Skills:
 - Level 2.2 Fighting
 * Level 10.4 Axes
 - Level 1.9 Throwing
 - Level 0.1 Armour
 - Level 2.9 Dodging
 + Level 0.5 Invocations
 + Level 0.8 Evocations


You had 7 spell levels left.
You didn't know any spells.
Your spell library contained the following spells:

 Spells                   Type           Power      Damage    Failure   Level
 Beastly Appendage        Tmut           0%         N/A       58%         1
 Blink                    Tloc           0%         N/A       73%         2
 Wereblood                Tmut           0%         N/A       73%         2
 Ignite Poison            Fire/Tmut/Pois 0%         N/A       91%         3
 Lesser Beckoning         Tloc           0%         N/A       91%         3
 Mephitic Cloud           Conj/Pois/Air  0%         N/A       91%         3
 Portal Projectile        Hex/Tloc       0%         N/A       91%         3
 Spider Form              Tmut/Pois      0%         N/A       91%         3
 Teleport Other           Tloc           0%         N/A       91%         3
 Iskenderun's Mystic Bla  Conj/Tloc      0%         2d3       100%        4
 Passage of Golubria      Tloc           0%         N/A       100%        4
 Freezing Cloud           Conj/Ice/Air   0%         6-21      100%        5
 Manifold Assault         Tloc           0%         N/A       100%        5


Dungeon Overview and Level Annotations

Branches:
Dungeon (9/15)             Temple (1/1) D:5
   Lair: D:8-11         Orc: D:9-12

Altars:
Ashenzari
Cheibriados
Dithmenos
Elyvilon
Gozag
Hepliaklqana
Kikubaaqudgha
Makhleb
Nemelex Xobeh
Okawaru
Qazlal
Ru
Sif Muna
Trog
Uskayaw
Vehumet
Xom
Yredelemnul
Zin
The Shining One

Shops:
D:1 *

Annotations:
D:4 Dowan, Pikel, Sigmund
D:7 Harold


Innate Abilities, Weirdness & Mutations

You are completely covered in molten scales. (AC +4, rF+)
When hurt, damage is shared between your health and your magic reserves.
You regenerate magic rapidly.
You are covered in fur. (AC +1)


Message History

Found a potion of curing.
There is a stone staircase leading up here.
Unknown command.
A howler monkey zombie comes into view.
The howler monkey zombie moves out of view. 2 orcs come into view.
The orc shouts! x2; You hear a shout! x12
An orc comes into view. It is wielding a +0 hand axe.
The orc moves out of view.
An orc wizard comes into view. It is wielding a +0 dagger.
An orc comes into view. It is wielding a +0 dagger. x2
An orc comes into view. It is wielding a +0 short sword.
An orc priest, 6 orcs and an orc wizard come into view.
The orc grunts noisily, in orcish tradition.
The wyvern closely misses you.
An orc comes into view. It is wielding a +0 hand axe.
The orc priest calls down the wrath of Beogh upon you.
Beogh smites you!
* * * LOW HITPOINT WARNING * * *
The wyvern closely misses you.
Found 3 scrolls of blinking.
The wyvern bites you.
* * * LOW HITPOINT WARNING * * *
Found a grey potion.
The wyvern barely misses you.
An electric eel comes into view.
A howler monkey comes into view.
The wyvern barely misses you.
The electric eel shoots out a bolt of lightning at you!
The bolt of electricity hits you.
* * * LOW HITPOINT WARNING * * *
The orc priest looks encouraged for a moment.
The wyvern closely misses you.
The electric eel shoots out a bolt of lightning at you!
The bolt of electricity hits you.
* * * LOW HITPOINT WARNING * * *
Found a spear.
The wyvern bites you but does no damage.
The wyvern bites you!
You die...
Your body rises from the dead as a mindless zombie.

o.......oO##o#....≈≈≈≈≈
.....oooo..o.......≈≈S≈
......oo..##o.......≈≈≈
....o#######.......≈≈≈
..... #..o...?..≈≈
....# ##.#o....!.≈ ..
#.#..#....#
####l......#
#..@.......#
#...)...#....#
#.....#.##....#
......#### ...# ......
...# #####. ..# #


You could see a wyvern, an electric eel and an orc.

Vanquished Creatures
  A rime drake (D:8)
  Maggie (D:6)
  Duvessa (D:4)
  A water moccasin (D:4)
  A necrophage (D:6)
  An ogre (D:4)
  A lemure (D:4)
  A kobold brigand (D:7)
  Blork the orc (D:6)
  2 scorpions (D:5)
  A bullfrog zombie (D:5)
  A hound (D:6)
  3 iguanas (D:4)
  Ijyb (D:5)
  Terence (D:2)
  An orc wizard (D:6)
  6 adders
  8 gnolls
  A shadow imp (D:6)
  2 white imps
  An ufetubus (D:5)
  A worm (D:2)
  4 dart slugs
  4 orcs
  5 endoplasms
  2 giant cockroaches (D:3)
  9 goblins
  7 hobgoblins
  7 jackals (D:5)
  4 quokkas
  6 ball pythons
  6 bats
  2 frilled lizards (D:1)
  9 kobolds
  5 rats
108 creatures vanquished.

Vanquished Creatures (collateral kills)
  A wyvern skeleton (D:6)
  2 gnolls
  2 kobolds
5 creatures vanquished.

Vanquished Creatures (others)
  A water moccasin zombie (D:4)
  An ogre zombie (D:4)
  An iguana zombie (D:4)
  A gnoll zombie (D:4)
  A dart slug zombie (D:4)
  A hobgoblin zombie (D:4)
  A kobold zombie (D:7)
  2 orc zombies (D:6)
  A spectral endoplasm (D:4)
10 creatures vanquished.

Grand Total: 123 creatures vanquished

Notes
Turn   | Place    | Note
-------+----------+-------------------------------------------
     0 | D:1      | PoweredByGinger the Demonspawn Gladiator began the quest
                  | for the Orb.
     0 | D:1      | Reached XP level 1. HP: 16/16 MP: 1/1
    10 | D:1      | Found Xuliohoj's General Store.
   261 | D:1      | Gained mutation: You are partially covered in molten
                  | scales. (AC +2) [demonic ancestry]
   261 | D:1      | Reached XP level 2. HP: 19/22 MP: 2/2
   322 | D:1      | Reached skill level 3 in Axes
   968 | D:1      | Bought a scroll of identify for 24 gold pieces
   970 | D:1      | Gained mutation: Your spells are a little harder to cast,
                  | but a little more powerful. [potion of mutation]
   970 | D:1      | Gained mutation: You are robust. (+10% HP) [potion of
                  | mutation]
  1061 | D:2      | Gained mutation: You regenerate magic rapidly. [demonic
                  | ancestry]
  1061 | D:2      | Reached XP level 3. HP: 22/29 MP: 3/3
  1308 | D:2      | Noticed Terence
  1323 | D:2      | Killed Terence
  1324 | D:2      | Reached skill level 4 in Axes
  1501 | D:2      | Gained mutation: You are mostly covered in molten scales.
                  | (AC +3) [demonic ancestry]
  1501 | D:2      | Reached XP level 4. HP: 34/36 MP: 4/4
  2914 | D:3      | You fall into a shaft and drop 3 floors!
  2914 | D:6      | Found a shadowy altar of Dithmenos.
  2935 | D:6      | Noticed a scorpion
  2949 | D:6      | Noticed Blork the orc
  2951 | D:5      | Entered Level 5 of the Dungeon
  2964 | D:5      | Killed a scorpion
  2965 | D:5      | Reached skill level 5 in Axes
  2965 | D:5      | Reached XP level 5. HP: 25/41 MP: 5/5
  3461 | D:5      | Got the Compendium of Orientation
  3498 | D:5      | Found a staircase to the Ecumenical Temple.
  3498 | D:5      | Noticed Ijyb
  3531 | D:5      | Killed Ijyb
  3994 | Temple   | Entered the Ecumenical Temple
  4203 | Temple   | Became a worshipper of Yredelemnul the Dark
  4339 | D:5      | Gained mutation: When hurt, damage is shared between your
                  | health and your magic reserves. [demonic ancestry]
  4339 | D:5      | Reached XP level 6. HP: 48/48 MP: 6/6
  4506 | D:5      | Reached skill level 6 in Axes
  4972 | D:6      | Found a sacrificial altar of Ru.
  5091 | D:6      | Reached skill level 7 in Axes
  5091 | D:6      | Reached XP level 7. HP: 25/55 MP: 3/7
  5295 | D:6      | Killed Blork the orc
  5497 | D:6      | Noticed Maggie
  5506 | D:6      | Found an iron altar of Okawaru.
  5506 | D:6      | Found a snail-covered altar of Cheibriados.
  5506 | D:6      | Found a shimmering altar of Xom.
  5508 | D:6      | Found a stormy altar of Qazlal.
  5508 | D:6      | Found a broken altar of Ashenzari.
  5508 | D:6      | Your ally Blork died
  5555 | D:6      | Killed Maggie
  5556 | D:6      | Reached skill level 8 in Axes
  5623 | D:6      | Found a sparkling altar of Nemelex Xobeh.
  5702 | D:6      | Found a bloodstained altar of Trog.
  5871 | D:4      | Reached * piety under Yredelemnul
  5872 | D:4      | Gained mutation: You are completely covered in molten
                  | scales. (AC +4, rF+) [demonic ancestry]
  5872 | D:4      | Reached XP level 8. HP: 61/61 MP: 8/8
  6095 | D:4      | Noticed Pikel
  6131 | D:4      | Reached skill level 9 in Axes
  6352 | D:4      | Noticed Sigmund
  6935 | D:4      | Noticed Duvessa
  6935 | D:4      | Noticed Dowan
  6963 | D:4      | Lost mutation: You are robust. (+10% HP) [potion of
                  | mutation]
  6963 | D:4      | Lost mutation: Your spells are a little harder to cast, but
                  | a little more powerful. [potion of mutation]
  6963 | D:4      | Gained mutation: You are covered in fur. (AC +1) [potion of
                  | mutation]
  6963 | D:4      | Gained mutation: You have an increased reservoir of magic.
                  | (+10% MP) [potion of mutation]
  6963 | D:4      | Lost mutation: You have an increased reservoir of magic.
                  | (+10% MP) [potion of mutation]
  6970 | D:4      | Killed Duvessa
  7488 | D:7      | Noticed Harold
  7513 | D:8      | Noticed a rime drake
  7513 | D:8      | an acid dragon changed into a rime drake
  7517 | D:8      | HP: 2/56 [rime drake (1)]
  7525 | D:8      | Killed a rime drake
  7526 | D:8      | Reached skill level 10 in Axes
  7554 | D:9      | Noticed a two-headed ogre
  7572 | D:9      | Mangled by a wyvern

Illustrated notes

Levels and vault maps discovered:
D:1:      heliophobic_arrival_ceremonial_halls, layout_basic, serial_shops,
          nicolae_shop_trees
D:2:      minmay_evil_eye, layout_basic, minmay_misc_feat_secret_circle,
          nicolae_elevator_lobby_plus, uniq_terence
D:3:      layout_loops_cross, kennysheep_generic_room_3
D:4:      layout_basic, uniq_duvessa, uniq_pikel, uniq_sigmund
D:5:      layout_basic, uniq_ijyb
D:6:      layout_rooms, mainiacjoe_overflow_catch_the_wave,
          nicolae_dithmenos_the_darkroom, hangedman_ru_absence,
          minmay_overflow_temple_hex, small_statue_intersection, uniq_maggie,
          uniq_blork_the_orc
D:7:      layout_loops_cross, nicolae_shop_firing_range, uniq_harold
D:8:      layout_cave_pods, fedhas_altar_1, serial_shops, shop, st_stairs_14,
          uniq_grum
D:9:      statuecave_lemuel, layout_cave_pools,
          pdpol_wu_jian_five_deadly_venoms, lair_entry_dummy, hiddenorc1_lemuel,
          minivault_16, billiards_dpeg
Temple:   dpeg_chambers_temple

Skill      XL: |  1  2  3  4  5  6  7  8 |
---------------+-------------------------+-----
Axes           | 3 4 5 7 8 10 | 10.4
Fighting       | |  2.2
Throwing       | |  1.9
Armour         | |  0.1
Dodging        | |  2.9
Invocations    | |  0.5
Evocations     | |  0.8

Action                   |  1- 3 |  4- 6 |  7- 9 || total
-------------------------+-------+-------+-------++-------
Melee: War axe           |    90 |   204 |    18 ||   312
       Punch             |     1 |     2 |     4 ||     7
       Broad axe         |       |       |   111 ||   111
Throw: Throwing net      |     1 |     2 |     2 ||     5
Invok: Recall Undead Har |       |     1 |     1 ||     2
Evoke: Wand              |       |       |     6 ||     6
  Use: Scroll            |     2 |     1 |     6 ||     9
       Potion            |     1 |     4 |     4 ||     9
 Stab: Held in net/web   |       |       |     2 ||     2
Armor: Leather armour    |    18 |       |       ||    18
       Ring mail         |    21 |    97 |    78 ||   196
Dodge: Dodged            |    48 |   124 |    85 ||   257
